 Dungeon Crawl Stone Soup version 0.18.1-48-g4cf74bf (webtiles) character file.

184 poirepourri the Digger (level 5, -3/28 HPs)
             Began as a Gargoyle Earth Elementalist on July 8, 2016.
             Killed from afar by an orc wizard (10 damage)
             ... with a puff of flame
             ... on level 4 of the Dungeon.
             The game lasted 00:07:28 (4232 turns).

poirepourri the Digger (GrEE)                       Turns: 4232, Time: 00:07:28

Health: -3/28      AC:  7    Str: 11    XL:     5   Next: 64%
Magic:  1/11       EV: 12    Int: 17    God:
Gold:   201        SH:  0    Dex: 10    Spells: 3 memorised, 6 levels left

rFire  . . .     SeeInvis .     b - -2 mace (curse)
rCold  . . .     Gourm    .     a - +0 robe
rNeg   + . .     Faith    .     (no shield)
rPois  ∞         Spirit   .     (no helmet)
rElec  +         Dismiss  .     (no cloak)
rCorr  .         Reflect  .     (no gloves)
SustAt +         Harm     .     q - +0 pair of boots
MR     .....                    (no amulet)
Stlth  ++........               k - ring of sustain attributes
                                i - ring of flight

@: very slightly contaminated, not resistant to hostile enchantments, unstealthy
A: negative energy resistance 1, electricity resistance, unbreathing,
petrification resistance, rot immunity, AC +4
a: Evoke Flight


You were on level 4 of the Dungeon.
You were not hungry.

You visited 1 branch of the dungeon, and saw 4 of its levels.

You collected 201 gold pieces.

Inventory:

Hand Weapons
 b - a cursed -2 mace (weapon)
 j - a +0 mace
Missiles
 f - 171 stones (quivered)
Armour
 a - a +0 robe (worn)
 d - a +0 pair of boots
 q - a +0 pair of boots (worn)
Jewellery
 i - a ring of flight (left hand)
 k - a ring of sustain attributes (right hand)
Wands
 g - a wand of polymorph (2/24)
 t - a wand of confusion (12/48)
Scrolls
 o - a scroll of blinking
 u - a scroll of fear {unknown}
 w - a scroll of enchant weapon {unknown}
Potions
 l - 3 potions of flight {unknown}
 m - a potion of heal wounds {unknown}
 p - a potion of cancellation {unknown}
 r - a potion of haste {unknown}
Books
 c - a book of Geomancy

   Spells                             Type                      Level
   a - Sandblast                      Earth                        1
   b - Passwall                       Transmutation/Earth          2
   c - Stone Arrow                    Conjuration/Earth            3
   d - Petrify                        Transmutation/Earth          4
   e - Lee's Rapid Deconstruction     Earth                        5
 s - an Akashic Record

   Spells                             Type                      Level
   a - Dispersal                      Translocation                6
   b - Malign Gateway                 Summoning/Translocation      7
   c - Disjunction                    Translocation                8
   d - Controlled Blink               Translocation                8
Comestibles
 n - a meat ration
 v - 2 bread rations


   Skills:
 - Level 1.5 Dodging
 - Level 2.1 Stealth
 * Level 4.3 Spellcasting
 + Level 0.7 Transmutations
 + Level 5.2 Earth Magic


You had 6 spell levels left.
You knew the following spells:

 Your Spells              Type           Power        Failure   Level  Hunger
a - Sandblast             Erth           ###...       1%          1    None
b - Passwall              Trmt/Erth      ##........   10%         2    ##.....
c - Stone Arrow           Conj/Erth      ##....       17%         3    ###....


Dungeon Overview and Level Annotations

Branches:
Dungeon (4/15)
 Temple: D:4-7

Altars:
Cheibriados
Dithmenos
Trog


Innate Abilities, Weirdness & Mutations

You are resistant to torment.
Your stone body is resilient (AC +4).
You are immune to poison.
You resist negative energy.
You are resistant to electric shocks.
You can survive without breathing.
You are immune to petrification.
You are immune to rotting.


Message History

The howler monkey hoots and howls with incredible vigour!
Something hits you but does no damage.
An adder comes into view.
The howler monkey hoots and howls with incredible vigour!
You hear some strange, mumbled words.
A puff of flame appears from out of thin air!
The puff of flame hits you!
The howler monkey hoots and howls with incredible vigour!
Something hits you but does no damage.
The howler monkey hoots and howls with incredible vigour!
You hear some strange, mumbled words.
A puff of flame appears from out of thin air!
The puff of flame misses you.
You hear some strange, mumbled words.
A puff of flame appears from out of thin air!
The puff of flame hits you!
* * * LOW HITPOINT WARNING * * *
A puff of flame appears from out of thin air!
The puff of flame hits you!
You die...

#..# ## #..###....
#(.....# ##.#####
#####)#### #..).....#
#.###.##.#
########.###.##.####
#....@....h.........
#.######S##...#.#... #.#
#.#......# #. #.#
#.##...#.# #. #>#
#..........#. #.#
#####..#####. #.#######
#..#####.## ###.......#
##..........
#.....###.###...######.#


You could see a howler monkey and an adder.

Vanquished Creatures
  A giant frog (D:3)
  4 adders
  5 worms
  A dart slug (D:1)
  2 giant geckos
  3 orcs (D:4)
  2 giant cockroaches
  9 goblins
  7 hobgoblins
  3 jackals (D:3)
  2 quokkas
  2 bats (D:3)
  4 giant newts
  10 kobolds
  7 rats (D:2)
62 creatures vanquished.

Notes
Turn   | Place    | Note
--------------------------------------------------------------
     0 | D:1      | poirepourri the Gargoyle Earth Elementalist began the quest for the Orb.
     0 | D:1      | Reached XP level 1. HP: 10/10 MP: 3/3
   724 | D:1      | Reached skill level 4 in Earth Magic
   724 | D:1      | Reached XP level 2. HP: 11/15 MP: 0/5
  1337 | D:2      | Reached XP level 3. HP: 19/19 MP: 1/7
  1534 | D:2      | Learned a level 2 spell: Passwall
  1538 | D:2      | Learned a level 3 spell: Stone Arrow
  1983 | D:2      | Noticed a moth of wrath
  1987 | D:2      | Found a bloodstained altar of Trog.
  2326 | D:2      | Reached XP level 4. HP: 24/24 MP: 5/8
  2850 | D:2      | Found a shadowy altar of Dithmenos.
  2886 | D:2      | Found a snail-covered altar of Cheibriados.
  3054 | D:3      | Noticed a giant frog
  3056 | D:3      | Killed a giant frog
  3056 | D:3      | Reached skill level 5 in Earth Magic
  3056 | D:3      | Reached XP level 5. HP: 28/28 MP: 6/11
  4232 | D:4      | Killed from afar by an orc wizard

Skill      XL: |  1  2  3  4 |
---------------+-------------+-----
Earth Magic    | 4 5 |  5.2
Spellcasting   | 3 4 |  4.3
Dodging        | |  1.5
Stealth        | |  2.1
Transmutations | |  0.7

Action                   |  1- 3 |  4- 6 || total
-------------------------+-------+-------++-------
Melee: Mace              |    13 |    11 ||    24
       Unarmed           |       |    53 ||    53
 Cast: Sandblast         |    65 |    89 ||   154
  Use: Scroll            |     8 |       ||     8
       Potion            |       |     1 ||     1
 Stab: Sleeping          |     1 |       ||     1
  Eat: Bread ration      |     1 |     1 ||     2
       Beef jerky        |       |     1 ||     1
Armor: Robe              |    29 |    37 ||    66
Dodge: Dodged            |    53 |    65 ||   118
